 Dungeon Crawl Stone Soup version 0.25.1-2-g60ff931df9 (webtiles) character file.

Game seed: 2198705354901361780

32804 lepoulpe303 the Grappler (level 13, 0/113 HPs)
             Began as a Ghoul Monk on Oct 26, 2020.
             Was an Elder of Ru.
             Slain by a dire elephant (22 damage)
             ... on level 6 of the Lair of Beasts.
             The game lasted 01:05:59 (23619 turns).

lepoulpe303 the Grappler (Ghoul Monk)              Turns: 23619, Time: 01:05:59

Health: 0/113      AC: 21    Str: 19    XL:     13   Next: 66%
Magic:  12/12      EV: 10    Int:  5    God:    Ru [****..]
Gold:   1015       SH:  0    Dex: 14    Spells: 12/12 levels left

rFire    + + .     SeeInvis .     - Unarmed
rCold    + + .     Gourm    .   (no shield)
rNeg     + + +     Faith    .   y - +2 plate armour
rPois    ∞         Spirit   .   c - +0 helmet "Kotwyst" {-Cast *Contam rN+++ Slay+5} (curse)
rElec    +         Reflect  .   J - scarf {repulsion}
rCorr    +         Harm     .   (no gloves)
MR       .....     NoCast   +   K - +2 pair of boots {run} {Speed+}
Stlth    ..........             (no amulet)
HPRegen  0.00/turn              V - ring "Gobb" {rElec rPois rF++ rCorr}
MPRegen  0.13/turn              z - ring "Qingaic" {rC+ Dex+4}

@: exhausted, rotting, lightly drained, repel missiles, very slow
A: rotting body, claws 1, carnivore, clumsy 1, cold resistance 1, negative
energy resistance 3, inhibited regeneration, torment resistance, unbreathing,
inability to use devices, unskilled 1
a: Draw Out Power, Power Leap, Renounce Religion


You were on level 6 of the Lair of Beasts.
You worshipped Ru.
Ru was greatly pleased with you.
You were not hungry.

You visited 3 branches of the dungeon, and saw 17 of its levels.
You also visited: Gauntlet and Volcano.

You collected 1172 gold pieces.
You spent 157 gold pieces at shops.

Inventory:

Missiles
 b - 6 curare-tipped darts
 d - 49 poisoned darts (quivered)
 E - 3 throwing nets {=f}
 R - 3 boomerangs
 U - 19 silver javelins
 Y - 5 javelins
Armour
 a - a +2 helmet of see invisible {sInv}
 c - the cursed +0 helmet "Kotwyst" (worn) {-Cast *Contam rN+++ Slay+5}
   (You found it in a Gauntlet)

   It affects your accuracy and damage with ranged weapons and melee attacks
   (+5).
   It renders you almost immune to negative energy.
   It prevents spellcasting.
   It causes magical contamination when unequipped.
   It has a curse placed upon it.
 y - a +2 plate armour (worn)
 J - a scarf of repulsion (worn)
 K - a +2 pair of boots of running (worn) {Speed+}
 P - a +1 leather armour of fire resistance {rF+}
 S - a +0 hat of magic resistance {MR+}
Jewellery
 z - the ring "Qingaic" (right claw) {rC+ Dex+4}
   (You found it on level 5 of the Dungeon)

   [ring of protection from cold]

   It affects your dexterity (+4).
   It protects you from cold.
 I - an uncursed ring of protection from cold
 O - an uncursed ring of fire {rF+, rC-}
 T - an uncursed amulet of reflection
 V - the ring "Gobb" (left claw) {rElec rPois rF++ rCorr}
   (You found it in a Gauntlet)

   [ring of resist corrosion]

   It greatly protects you from fire.
   It insulates you from electricity.
   It protects you from poison.
   It provides partial protection from all sources of acid and corrosion.
 W - the amulet "Novon" {Acrobat *Slow rC+ Int+4}
   (You found it in a Gauntlet)

   [amulet of the acrobat]

   It helps you evade while moving and waiting.
   It affects your intelligence (+4).
   It protects you from cold.
   It may slow you when you take damage.
Scrolls
 f - a scroll of fog
 j - 3 scrolls of enchant weapon
 k - 2 scrolls of immolation {unknown}
 m - a scroll of random uselessness {unknown}
 p - a scroll of noise {unknown}
 r - 2 scrolls of fear {unknown}
 t - 6 scrolls of teleportation
 w - 4 scrolls of remove curse
 B - 2 scrolls of blinking {!r}
 M - a scroll of magic mapping {!r}
Potions
 h - a potion of haste
 l - 2 potions of heal wounds
 n - 2 potions of resistance
 q - 7 potions of curing
 L - a potion of ambrosia
 Q - a potion of stabbing
 Z - a potion of flight
Comestibles
 e - 26 rations


   Skills:
 + Level 9.8(9.4) Fighting
 * Level 5.1(4.8) Throwing
 + Level 9.8(9.4) Armour
 + Level 8.3(7.9) Dodging
 - Level 4.8(4.5) Stealth
 * Level 13.2(12.8) Unarmed Combat


You had 12 spell levels left.
You didn't know any spells.
Your spell library contained the following spells:

 Spells                   Type           Power        Failure   Level  Hunger
 Infusion                 Chrm           #...         100%        1    ##.....
 Sandblast                Erth           #.....       100%        1    ##.....
 Passwall                 Tmut/Erth      #.......     100%        2    ###....
 Shroud of Golubria       Chrm/Tloc      #.....       100%        2    ###....
 Song of Slaying          Chrm           #.......     100%        2    ###....
 Ozocubu's Armour         Chrm/Ice       #.......     100%        3    ####...
 Spectral Weapon          Hex/Chrm       #.......     100%        3    ####...
 Stone Arrow              Conj/Erth      #.....       100%        3    ####...
 Leda's Liquefaction      Hex/Erth       #.........   100%        4    #####..
 Petrify                  Tmut/Erth      #.......     100%        4    #####..
 Bolt of Magma            Conj/Fire/Erth #.........   100%        5    ######.
 Lee's Rapid Deconstruct  Erth           #.........   100%        5    ######.
 Iron Shot                Conj/Erth      #.........   100%        6    #######
 Shatter                  Erth           #.........   100%        9    #######
 Statue Form              Tmut/Erth      Unusable     N/A         6    N/A

Dungeon Overview and Level Annotations

Branches:
Dungeon (10/15)            Temple (1/1) D:4            Lair (6/6) D:8
 Spider (0/4) Lair:2        Slime (0/5) Lair:5          Orc (0/2) D:9
Volcano (visited)         Gauntlet (visited)
  Swamp: Lair:2-4    Shoals: Lair:2-4

Altars:
Ashenzari
Cheibriados
Dithmenos
Elyvilon
Fedhas
Gozag
Hepliaklqana
Kikubaaqudgha
Makhleb
Nemelex Xobeh
Okawaru
Qazlal
Ru
Sif Muna
Trog
Uskayaw
Vehumet
Wu Jian
Xom
Yredelemnul
Zin
The Shining One
Jiyva

Shops:
D:6 [

Annotations:
Lair:1 2 transporters, Elvorfindel's ghost, journeyman GnWr


Innate Abilities, Weirdness & Mutations

Your body is rotting away.
You thrive on raw meat.
You are immune to poison.
You have sharp fingernails.
You are carnivorous and can eat meat at any time.
You are clumsy. (Dex -2)
Your flesh is cold resistant. (rC+)
You are immune to negative energy. (rN+++)
You do not regenerate when monsters are visible.
You are immune to unholy pain and torment.
You can survive without breathing.
You cannot study or use magical devices.
You are somewhat unskilled. (-1 Apt)


Message History

* * * LOW HITPOINT WARNING * * *
You hold your ground!
The dire elephant trunk-slaps you but does no damage.
You take 14 damage, and have 19/113 hp.
You scratch the dire elephant but do no damage.
You are restored by drawing out deep reserves of power within.
You feel drained. The dire elephant tramples you!!
* * * LOW HITPOINT WARNING * * *
You hold your ground!
You focus your will and illuminate the dire elephant in retribution!
The dire elephant closely misses you.
You regained 3 hp, and now have 22/113 hp.
Your unstable footing causes you to fumble your attack.
The dire elephant barely misses you.
The dire elephant trunk-slaps you but does no damage.
Your unstable footing causes you to fumble your attack.
Your unstable footing causes you to fumble your attack.
The dire elephant tramples you!!
You die...

##8.#..####...
#8..'..#P###..
#.⌠.'.....##..
#8..'.........
##8.#.........
#++####.#.........
##≈≈≈.##.#.........
#≈≈≈≈≈.#.#.........
#≈@≈≈≈≈#.#.........
#.Y≈≈≈##.#.........
##...≈#..#.........
##'####.##[....#..#
#8(8#...#♣...##.#.#
###...#.###....######
#.#..##.##......#####
##.(..#..##...........
##.('.(#.##♣...........


You could see a dire elephant (very poisoned, slow, corona).

Levels and vault maps discovered:
D:1:      scummos_arrival_checkerplants, layout_loops_corners
D:2:      layout_loops_ring, gammafunk_temple_overflow_wave, first_ration,
          minmay_pentomino_v2
D:3:      layout_loops_corners, trog_eyes_of_draining
D:4:      lemuel_upstairs_altar, layout_loops_ring, lemuel_blue_sif_altar,
          minmay_temple_entry_sparse_star, uniq_eustachio, uniq_pikel
D:5:      layout_gridville, kennysheep_mini, skrybe_limestone_x, uniq_duvessa
D:6:      layout_basic, serial_shops, nicolae_shop_waterfront
D:7:      layout_loops_cross, vehumet_crystals, the_bakery, uniq_menkaure
D:8:      layout_layer_cave, due_lair_maze_entry_diamond
D:9:      layout_roguey, kennysheep_little_box,
          gammafunk_temple_overflow_elements, david_orc_3
D:10:     layout_cave_pods, kennysheep_boxes
Temple:   nicolae_temple_god_jail
Lair:1:   layout_big_grid, gammafunk_ghost_berserking_beasts,
          kennysheep_snail_temple
Lair:2:   layout_chaotic_city, spider_nest_entry_webs,
          nicolae_volcano_entry_s_turn, infiniplex_staircase_pool
Lair:3:   layout_regular_city, nicolae_swamp_entry_splash_gauntlet,
          grunt_megastairs_1, uniq_gastronok
Lair:4:   dragon1_lemuel, layout_small_grid
Lair:5:   layout_cave_pods, slime_altar_1, gauntlet_entry_generic,
          ldierk_geyser, lemuel_fruit_fields
Lair:6:   due_jungle_book, layout_small_grid, chequers_serial_rivers_room_a,
          uniq_urug, uniq_sonja

Notes
Turn   | Place    | Note
-------+----------+-------------------------------------------
     0 | D:1      | lepoulpe303 the Ghoul Monk began the quest for the Orb.
     0 | D:1      | Reached XP level 1. HP: 19/19 MP: 0/0
    28 | D:1      | Identified a +0 club
    52 | D:1      | Identified a +0 club
   141 | D:1      | Reached XP level 2. HP: 26/26 MP: 1/1
   181 | D:1      | Identified a +0 pair of boots (You found it on level 1 of
                  | the Dungeon)
   194 | D:1      | Identified a +0 dagger
   681 | D:1      | Reached XP level 3. HP: 29/31 MP: 2/2
  1000 | D:1      | Reached skill level 3 in Dodging
  1195 | D:1      | Identified a +0 leather armour (You found it on level 1 of
                  | the Dungeon)
  1429 | D:2      | Reached skill level 1 in Armour
  1429 | D:2      | Reached skill level 4 in Unarmed Combat
  1576 | D:2      | Identified a +0 club
  1578 | D:2      | Reached XP level 4. HP: 39/39 MP: 3/3
  1761 | D:2      | Identified a cursed -2 dagger
  1806 | D:2      | Identified a +0 robe
  2069 | D:2      | Found a white marble altar of Elyvilon.
  2069 | D:2      | Found an ornate altar of the Wu Jian Council.
  2122 | D:2      | lepoulpe303: !whichgod ghmo
  2122 | D:2      | meem: 99 recent wins for ghmo: 25x Okawaru, 16x Makhleb,
                  | 13x Ru, 11x Yredelemnul, 7x Wu Jian, 5x Uskayaw, 4x
                  | Cheibriados, 4x Qazlal, 3x Fedhas, 3x Hepliaklqana, 2x
                  | Ashenzari, 2x Kikubaaqudgha, 2x Nemelex Xobeh, Lugonu, Trog
  2172 | D:3      | Identified a +0 dagger
  2172 | D:3      | Identified a +0 robe
  2176 | D:3      | Identified a +0 hand axe
  2176 | D:3      | Identified a +0 chain mail
  2184 | D:3      | Identified a cursed -2 dagger
  2184 | D:3      | Identified a +0 robe
  2185 | D:3      | Identified a +0 mace
  2191 | D:3      | Reached skill level 3 in Stealth
  2193 | D:3      | Reached XP level 5. HP: 28/46 MP: 4/4
  2408 | D:3      | Identified a +0 dagger
  2408 | D:3      | Identified a +0 leather armour
  2409 | D:3      | Identified a +0 club
  2409 | D:3      | Identified a +0 leather armour
  2412 | D:3      | Identified a cursed -3 dagger
  2412 | D:3      | Identified a +2 robe of cold resistance
  2419 | D:3      | Identified a +0 flail
  2419 | D:3      | Identified a +0 scale mail
  2677 | D:3      | Identified a +0 falchion
  2768 | D:3      | Identified a +0 club
  2780 | D:3      | Identified a +0 club
  2938 | D:3      | Identified a +0 antimagic trident
  2938 | D:3      | Identified a +2 antimagic short sword
  2956 | D:3      | Noticed an eye of draining
  2961 | D:3      | Found a bloodstained altar of Trog.
  2968 | D:3      | Killed an eye of draining
  2968 | D:3      | Reached skill level 4 in Fighting
  2968 | D:3      | Reached skill level 5 in Unarmed Combat
  2968 | D:3      | Reached XP level 6. HP: 43/52 MP: 1/5
  3046 | D:3      | Identified a cursed -1 battleaxe
  3046 | D:3      | Identified a cursed +0 ring mail
  3046 | D:3      | Identified an uncursed ring of stealth
  3046 | D:3      | Identified a +0 whip
  3047 | D:3      | Identified a +0 short sword
  3050 | D:3      | Identified a +0 dagger
  3050 | D:3      | Identified a +0 leather armour
  3284 | D:3      | Identified a +0 flail
  3310 | D:3      | Identified a +0 hand axe of flaming
  3323 | D:3      | Reached skill level 2 in Armour
  3469 | D:3      | Identified a +0 short sword
  3469 | D:3      | Identified a +0 hunting sling
  3469 | D:3      | Identified a cursed +0 ring mail
  3469 | D:3      | Identified an uncursed ring of protection from cold
  3579 | D:3      | Identified a +0 club
  3579 | D:3      | Identified a +0 leather armour
  3784 | D:4      | Identified a +0 giant club
  3789 | D:4      | Noticed a slave
  3790 | D:4      | Noticed a slave
  3792 | D:4      | Reached XP level 7. HP: 60/60 MP: 6/6
  3826 | D:4      | Identified a +1 whip of freezing
  3826 | D:4      | Identified a +0 robe
  3826 | D:4      | Noticed Pikel
  3841 | D:4      | Killed Pikel
  3841 | D:4      | Reached skill level 5 in Fighting
  3841 | D:4      | Reached skill level 3 in Armour
  3841 | D:4      | Reached skill level 4 in Dodging
  3841 | D:4      | Reached skill level 4 in Stealth
  3841 | D:4      | Reached skill level 6 in Unarmed Combat
  3841 | D:4      | Reached XP level 8. HP: 41/68 MP: 7/7
  3935 | D:4      | Found a staircase to the Ecumenical Temple.
  3959 | Temple   | Entered the Ecumenical Temple
  4012 | Temple   | Became a worshipper of Ru the Awakened
  4024 | Temple   | Identified 2 scrolls of blinking
  4025 | Temple   | Identified 2 scrolls of identify
  4025 | Temple   | Identified a ring of magical power (You found it on level 4
                  | of the Dungeon)
  4027 | Temple   | Gained mutation: You are clumsy. (Dex -2) [Ru sacrifice]
  4048 | D:4      | Identified a +0 chain mail (You found it on level 4 of the
                  | Dungeon)
  4066 | D:4      | Identified a cursed -3 short sword
  4066 | D:4      | Identified a +0 leather armour of magic resistance
  4068 | D:4      | Identified a +0 dagger
  4068 | D:4      | Identified a +0 robe
  4120 | D:4      | Identified a cursed -1 giant club
  4139 | D:4      | HP: 16/68 [howler monkey (4)]
  4141 | D:4      | Reached skill level 5 in Stealth
  4190 | D:4      | Identified a +0 falchion
  4190 | D:4      | Identified a +0 leather armour
  4190 | D:4      | Noticed Eustachio
  4409 | D:4      | Killed Eustachio
  4409 | D:4      | Reached skill level 7 in Unarmed Combat
  4550 | D:4      | Found a shimmering blue altar of Sif Muna.
  4710 | D:4      | Identified a +0 giant spiked club
  5078 | D:4      | Identified 4 scrolls of amnesia
  5079 | D:4      | Identified 3 scrolls of remove curse
  5162 | D:4      | Identified a +0 plate armour (You found it on level 4 of
                  | the Dungeon)
  5181 | D:5      | Entered Level 5 of the Dungeon
  5181 | D:5      | Identified a +0 short sword
  5181 | D:5      | Identified a +0 ring mail
  5181 | D:5      | Noticed Duvessa
  5181 | D:5      | Identified a +0 dagger
  5181 | D:5      | Identified a +0 robe
  5181 | D:5      | Noticed Dowan
  5285 | D:5      | Killed Dowan
  5327 | D:5      | Killed Duvessa
  5523 | D:5      | Got a warped golden ring
  5628 | D:5      | Identified a +0 dagger
  5628 | D:5      | Identified a cursed +0 robe
  5630 | D:5      | Identified a +0 dagger
  5630 | D:5      | Identified a +0 robe
  5668 | D:5      | Reached skill level 4 in Armour
  5835 | D:5      | Identified a +0 flail
  5836 | D:5      | Identified a +0 dagger
  5938 | D:5      | Found an ancient bone altar of Kikubaaqudgha.
  5964 | D:5      | Reached skill level 5 in Dodging
  5964 | D:5      | Reached XP level 9. HP: 68/75 MP: 8/8
  5980 | D:5      | Identified a +0 shortbow
  5989 | D:5      | Reached skill level 8 in Unarmed Combat
  6155 | D:5      | Reached skill level 6 in Fighting
  6561 | D:6      | Identified a +0 club
  6561 | D:6      | Identified a +0 leather armour
  6561 | D:6      | Identified a +0 dagger
  6561 | D:6      | Identified a +0 robe
  6561 | D:6      | Identified a +0 dagger
  6561 | D:6      | Identified a +0 robe
  6561 | D:6      | Identified a +0 falchion
  6931 | D:6      | Found Cunwan's Antique Armour Emporium.
  6960 | D:6      | Bought a pair of embroidered boots for 157 gold pieces
  6970 | D:6      | Identified a +2 pair of boots (You bought it in a shop on
                  | level 6 of the Dungeon)
  7041 | D:6      | Reached skill level 5 in Armour
  7280 | D:6      | Identified a +0 buckler (You found it on level 6 of the
                  | Dungeon)
  7557 | D:7      | Identified a +0 giant spiked club
  7645 | D:7      | Found a radiant altar of Vehumet.
  7654 | D:7      | Noticed Menkaure
  7667 | D:7      | Killed Menkaure
  7669 | D:7      | Identified an amulet of magic regeneration (You found it on
                  | level 6 of the Dungeon)
  7670 | D:7      | Identified 3 potions of curing
  7671 | D:7      | Identified 2 potions of lignification
  7673 | D:7      | Identified 2 potions of heal wounds
  7675 | D:7      | Identified the ring "Qingaic" {rC+ Dex+4} (You found it on
                  | level 5 of the Dungeon)
  7729 | D:7      | Reached skill level 9 in Unarmed Combat
  7904 | D:7      | Identified a +0 whip
  8033 | D:7      | Gained mutation: You cannot study or use magical devices.
                  | [Ru sacrifice]
  8033 | D:7      | Reached * piety under Ru
  8033 | D:7      | Reached ** piety under Ru
  8033 | D:7      | Reached *** piety under Ru
  8046 | D:7      | Identified a scarf of repulsion (You found it on level 7 of
                  | the Dungeon)
  8156 | D:7      | Identified a +0 dagger
  8156 | D:7      | Identified a +0 robe
  8246 | D:7      | Identified a +0 giant spiked club
  8264 | D:7      | Reached skill level 6 in Armour
  8264 | D:7      | Reached XP level 10. HP: 67/84 MP: 9/9
  8513 | D:8      | Identified a +0 shortbow
  8531 | D:8      | Reached skill level 7 in Fighting
  8533 | D:8      | Reached skill level 6 in Dodging
  8778 | D:8      | Identified a +0 giant club
  8816 | D:8      | Identified a +0 spear
  8816 | D:8      | Identified a +0 scale mail
  8816 | D:8      | Identified a +0 kite shield
  8839 | D:8      | Identified a +0 chain mail
  8994 | D:8      | Identified a +0 flail
  8996 | D:8      | Identified a +0 halberd
  9003 | D:8      | Identified a +0 whip
  9015 | D:7      | HP: 18/84 [porcupine (6)]
  9020 | D:7      | HP: 14/84 [porcupine (4)]
  9381 | D:8      | Found a staircase to the Lair.
  9420 | D:8      | Reached skill level 10 in Unarmed Combat
  9737 | D:8      | Identified a +0 giant club
 10197 | D:9      | Identified a +0 hand axe
 10197 | D:9      | Identified a +0 falchion
 10197 | D:9      | Identified a +0 flail
 10198 | D:9      | Identified a +0 dagger
 10198 | D:9      | Identified a +0 robe
 10249 | D:9      | Identified a +0 flail
 10249 | D:9      | Identified a +0 giant club
 10249 | D:9      | Identified a +0 giant club
 10249 | D:9      | Noticed a two-headed ogre
 10250 | D:9      | Identified a +0 club
 10251 | D:9      | Identified a +0 spear
 10251 | D:9      | Identified a +0 ring mail
 10251 | D:9      | Identified a +0 buckler
 10267 | D:9      | Killed a two-headed ogre
 10267 | D:9      | Reached skill level 7 in Armour
 10454 | D:9      | Identified a +3 short sword
 10455 | D:9      | Identified a +0 glaive
 10455 | D:9      | Identified a cursed -1 chain mail
 10456 | D:9      | Identified a cursed +3 great sword
 10456 | D:9      | Identified a +0 robe
 10457 | D:9      | Identified a +0 long sword
 10457 | D:9      | Identified a cursed +0 chain mail
 10458 | D:9      | Identified a +0 halberd
 10458 | D:9      | Identified a +0 robe
 10458 | D:9      | Identified a cursed +0 scimitar
 10458 | D:9      | Identified a +0 robe
 10458 | D:9      | Identified a +0 dagger
 10458 | D:9      | Identified a +0 robe
 10461 | D:9      | Identified a cursed +2 war axe
 10461 | D:9      | Identified a +0 robe
 10461 | D:9      | Identified a +1 flail
 10461 | D:9      | Identified a +0 robe
 10479 | D:9      | Identified a +0 dagger
 10479 | D:9      | Identified a +0 robe
 10495 | D:9      | Identified a +0 dagger
 10495 | D:9      | Identified a +0 robe
 10498 | D:9      | Found a staircase to the Orcish Mines.
 10564 | D:9      | Identified a +0 trident
 10568 | D:9      | Identified a +0 mace
 10573 | D:9      | Identified a +0 falchion
 10646 | D:9      | Identified a +0 club
 10756 | D:9      | Identified a +0 short sword
 10756 | D:9      | Identified a +0 whip
 10756 | D:9      | Identified a +0 hand crossbow
 10756 | D:9      | Identified a +3 short sword
 10849 | D:9      | Identified a +0 giant spiked club
 10968 | D:9      | Identified a +1 flail of holy wrath
 10989 | D:9      | Reached skill level 8 in Fighting
 10989 | D:9      | Reached XP level 11. HP: 77/94 MP: 10/10
 11082 | D:9      | Identified a +0 giant spiked club
 11219 | D:9      | Found a hazy altar of Hepliaklqana.
 11219 | D:9      | Found a sparkling altar of Nemelex Xobeh.
 11232 | D:9      | Found a shadowy altar of Dithmenos.
 11336 | D:9      | Identified a +0 shortbow
 11447 | D:9      | You fall into a shaft and drop 1 floor!
 11447 | D:10     | Entered Level 10 of the Dungeon
 11448 | D:10     | Identified a +0 giant club
 11448 | D:10     | Identified a cursed -1 giant club
 11448 | D:10     | Noticed a two-headed ogre
 11458 | D:10     | Killed a two-headed ogre
 11458 | D:10     | Reached skill level 11 in Unarmed Combat
 11466 | D:10     | Reached skill level 8 in Armour
 11509 | D:10     | Identified a +0 flail
 11561 | D:10     | Reached skill level 7 in Dodging
 11691 | D:10     | Identified a +0 shortbow
 11895 | D:9      | Identified a +0 shortbow
 12128 | Lair:1   | Entered Level 1 of the Lair of Beasts
 12736 | Lair:1   | Found a transporter.
 12744 | Lair:1   | Noticed Elvorfindel's ghost (journeyman GnWr)
 12744 | Lair:1   | Noticed an eight-headed hydra
 12749 | Lair:1   | Noticed a moth of wrath
 12772 | Lair:1   | Found a transporter.
 12907 | Lair:1   | Found a snail-covered altar of Cheibriados.
 13870 | Lair:2   | Identified a ring of fire (You found it on level 2 of the
                  | Lair of Beasts)
 13874 | Lair:2   | Identified 4 scrolls of enchant weapon
 13875 | Lair:2   | Identified 3 scrolls of enchant armour
 13876 | Lair:2   | Identified 4 scrolls of teleportation
 13910 | Lair:2   | Found a dark tunnel.
 13915 | Volcano  | Entered a volcano
 13991 | Volcano  | Identified a +4 scimitar of flaming
 14003 | Volcano  | Reached skill level 9 in Armour
 14003 | Volcano  | Reached skill level 12 in Unarmed Combat
 14041 | Volcano  | Identified a +0 morningstar
 14057 | Volcano  | Reached skill level 9 in Fighting
 14065 | Volcano  | HP: 12/97 [earth elemental (28)]
 14315 | Volcano  | Noticed a lindwurm
 14315 | Volcano  | Noticed a lindwurm
 14315 | Volcano  | Identified a +0 flail
 14920 | Volcano  | Killed a lindwurm
 14938 | Volcano  | Killed a lindwurm
 14938 | Volcano  | Reached XP level 12. HP: 45/101 MP: 11/11
 15167 | Volcano  | Identified a +0 flail
 15241 | Volcano  | Identified 2 potions of degeneration
 15242 | Volcano  | Identified 2 potions of resistance
 15243 | Volcano  | Identified 2 potions of mutation
 15244 | Volcano  | Identified a potion of ambrosia
 15245 | Volcano  | Identified a potion of flight
 15246 | Volcano  | Identified a scroll of magic mapping
 15417 | Volcano  | Identified a +0 pair of boots of running (You found it in a
                  | volcano)
 15443 | Volcano  | Identified a +1 leather armour of fire resistance {rF+}
                  | (You found it in a volcano)
 15513 | Volcano  | Identified a +3 scimitar of flaming
 16233 | Lair:2   | Found a hole to the Spider Nest.
 16609 | Lair:3   | Identified a +0 hat of magic resistance
 16609 | Lair:3   | Noticed Gastronok
 16639 | Lair:3   | Killed Gastronok
 16639 | Lair:3   | Reached skill level 8 in Dodging
 17325 | Lair:3   | You fall into a shaft and drop 1 floor!
 17326 | Lair:4   | Noticed a fire dragon
 17354 | Lair:4   | HP: 22/105 [fire dragon (13)]
 17357 | Lair:4   | HP: 7/105 [fire dragon (5)]
 17360 | Lair:4   | Killed a fire dragon
 17360 | Lair:4   | Reached skill level 1 in Throwing
 17744 | Lair:4   | Reached skill level 10 in Armour
 17749 | Lair:4   | Reached skill level 13 in Unarmed Combat
 17979 | Lair:4   | Reached skill level 2 in Throwing
 17993 | Lair:4   | Identified a ring of attention (You found it on level 4 of
                  | the Lair of Beasts)
 18356 | Lair:4   | HP: 26/106 [yak (10)]
 18371 | Lair:4   | HP: 13/106 [wolf (7)]
 18383 | Lair:4   | HP: 8/106 [wolf (5)]
 18390 | Lair:3   | HP: 5/106 [wolf (3)]
 19128 | Lair:4   | Identified a potion of stabbing
 19129 | Lair:4   | Identified 2 potions of berserk rage
 19133 | Lair:4   | Identified a scroll of fog
 19222 | Lair:5   | Found a viscous altar of Jiyva.
 19222 | Lair:5   | Found a staircase to the Slime Pits.
 19286 | Lair:5   | Noticed a seven-headed hydra
 19293 | Lair:5   | Killed a seven-headed hydra
 19293 | Lair:5   | Reached skill level 3 in Throwing
 19299 | Lair:5   | You fall into a shaft and drop 1 floor!
 19299 | Lair:6   | Entered Level 6 of the Lair of Beasts
 19357 | Lair:6   | Noticed a seven-headed hydra
 19360 | Lair:6   | Identified a +2 short sword of distortion
 19360 | Lair:6   | Noticed Sonja
 19374 | Lair:5   | HP: 24/101 [seven-headed hydra (2)]
 19377 | Lair:5   | Killed a seven-headed hydra
 19377 | Lair:5   | Reached skill level 10 in Fighting
 19400 | Lair:5   | Found a gate leading to a gauntlet.
 19409 | Gauntlet | Entered a Gauntlet
 19409 | Gauntlet | Found a transporter.
 19409 | Gauntlet | Found a transporter.
 19409 | Gauntlet | Found a transporter.
 19409 | Gauntlet | Identified a +0 trident
 19658 | Gauntlet | Found a transporter.
 19672 | Gauntlet | Found a transporter.
 19673 | Gauntlet | Found a transporter.
 19684 | Gauntlet | Found a transporter.
 19690 | Gauntlet | Identified an amulet of inaccuracy (You found it on level 6
                  | of the Lair of Beasts)
 19709 | Gauntlet | Found a transporter.
 19730 | Gauntlet | Found a transporter.
 19734 | Gauntlet | Found a transporter.
 19736 | Gauntlet | Found a runed translucent gate.
 19736 | Gauntlet | Found a runed translucent gate.
 19737 | Gauntlet | Found a runed translucent gate.
 19737 | Gauntlet | Found a large runed translucent door.
 19737 | Gauntlet | Found a large runed translucent door.
 19738 | Gauntlet | Found a large runed translucent door.
 19739 | Gauntlet | Found a large runed translucent door.
 19740 | Gauntlet | Found a large runed translucent door.
 19740 | Gauntlet | Found a large runed translucent door.
 19740 | Gauntlet | Found a runed translucent door.
 19741 | Gauntlet | Found a large runed translucent door.
 19742 | Gauntlet | Found a large runed translucent door.
 19744 | Gauntlet | Found a transporter.
 19748 | Gauntlet | Found a transporter.
 19982 | Gauntlet | Found a large runed translucent door.
 19983 | Gauntlet | Found a large runed translucent door.
 19997 | Gauntlet | Identified a +2 helmet of see invisible (You found it in a
                  | Gauntlet)
 20020 | Gauntlet | Found a runed translucent door.
 20020 | Gauntlet | Found a large runed translucent door.
 20020 | Gauntlet | Found a large runed translucent door.
 20020 | Gauntlet | Found a large runed translucent door.
 20021 | Gauntlet | Found a large runed translucent door.
 20022 | Gauntlet | Found a large runed translucent door.
 20022 | Gauntlet | Found a large runed translucent door.
 20025 | Gauntlet | Identified a potion of magic
 20049 | Gauntlet | Reached XP level 13. HP: 102/108 MP: 12/12
 20053 | Gauntlet | Got a shimmering helmet
 20064 | Gauntlet | Identified the cursed +0 helmet "Kotwyst" {-Cast *Contam
                  | rN+++ Slay+5} (You found it in a Gauntlet)
 20080 | Gauntlet | HP: 21/108 [something (17)]
 20085 | Gauntlet | Reached skill level 4 in Throwing
 20417 | Gauntlet | Got a slimy crystal amulet
 20431 | Gauntlet | Gained mutation: You are somewhat unskilled. (-1 Apt) [Ru
                  | sacrifice]
 20431 | Gauntlet | Reduced skill Fighting to level 9
 20431 | Gauntlet | Reduced skill Throwing to level 3
 20431 | Gauntlet | Reduced skill Armour to level 9
 20431 | Gauntlet | Reduced skill Dodging to level 7
 20431 | Gauntlet | Reduced skill Stealth to level 4
 20431 | Gauntlet | Reduced skill Unarmed Combat to level 12
 20431 | Gauntlet | Reached **** piety under Ru
 20434 | Gauntlet | Identified a +2 great sword of holy wrath
 20434 | Gauntlet | Identified a +0 chain mail
 20434 | Gauntlet | Noticed a minotaur
 20440 | Gauntlet | HP: 19/104 [minotaur/+2 great sword of holy wrath (14)]
 20442 | Gauntlet | Killed a minotaur
 20762 | Gauntlet | Got a fine ivory ring
 20763 | Gauntlet | Identified the ring "Gobb" {rElec rPois rF++ rCorr} (You
                  | found it in a Gauntlet)
 20826 | Lair:5   | Identified the amulet "Novon" {Acrobat *Slow rC+ Int+4}
                  | (You found it in a Gauntlet)
 21576 | Lair:6   | Identified a +1 broad axe of draining
 21576 | Lair:6   | Identified a +0 ring mail
 21576 | Lair:6   | Noticed Urug
 21582 | Lair:6   | Reached skill level 4 in Throwing
 21742 | Lair:6   | Reached skill level 8 in Dodging
 21895 | Lair:5   | HP: 25/105 [Urug/+1 broad axe of draining (4)]
 21897 | Lair:5   | Killed Urug
 21900 | Lair:5   | HP: 21/105 [blink frog (4)]
 22345 | Lair:6   | Reached skill level 13 in Unarmed Combat
 22711 | Lair:6   | Killed Sonja
 23246 | Lair:6   | Identified an amulet of reflection (You found it in a
                  | Gauntlet)
 23303 | Lair:6   | Reached skill level 5 in Throwing
 23593 | Lair:6   | Noticed a dire elephant
 23614 | Lair:6   | HP: 19/113 [dire elephant (14)]
 23619 | Lair:6   | Slain by a dire elephant

Table legend:
 A = Turns spent in this place as a percentage of turns spent in the entire game.
 B = Non-inter-level travel turns spent in this place as a percentage of non-inter-level travel turns spent in the entire game.
 C = Inter-level travel turns spent in this place as a percentage of turns spent in this place.
 D = Turns resting spent in this place as a percentage of non-inter-level travel turns spent in this place.
 E = Turns spent auto-exploring this place as a percentage of non-inter-level travel turns spent in this place.
 F = Non-inter-level travel turns spent in this place divided by the number of levels of this place that you've seen.
                   A       B       C       D       E      F
               +-------+-------+-------+-------+-------+----------------------
         Total | 100.0 | 100.0 |   4.1 |  28.4 |  53.1 | 1192.5
       Dungeon |  52.9 |  52.4 |   4.9 |  19.7 |  62.1 | 1187.1
        Temple |   0.3 |   0.3 |   0.0 |   0.0 |  57.1 |  70.0
          Lair |  32.7 |  32.5 |   4.5 |  23.0 |  60.3 | 1227.8
       Volcano |   8.2 |   8.5 |   0.0 |  76.9 |   1.6 | 1934.0
      Gauntlet |   6.0 |   6.2 |   0.0 |  64.7 |   9.5 | 1416.0
               +-------+-------+-------+-------+-------+----------------------

Table legend:
 A = Kills in this place as a percentage of kills in entire the game.
 B = Kills by you in this place as a percentage of kills by you in the entire game.
 C = Kills by friends in this place as a percentage of kills by friends in the entire game.
 D = Other kills in this place as a percentage of other kills in the entire game.
 E = Experience gained in this place as a percentage of experience gained in the entire game.
 F = Experience gained in this place divided by the number of levels of this place that you have seen.
                   A       B       C       D       E      F
               +-------+-------+-------+-------+-------+----------------------
         Total | 100.0 | 100.0 |   N/A | 100.0 | 100.0 | 2466.5
       Dungeon |  68.2 |  68.3 |   N/A |  50.0 |  25.8 | 1210.2
          Lair |  24.3 |  24.1 |   N/A |  50.0 |  57.1 | 4456.8
       Volcano |   3.8 |   3.8 |   N/A |   0.0 |   9.5 | 4472.0
      Gauntlet |   3.8 |   3.8 |   N/A |   0.0 |   7.6 | 3549.0
               +-------+-------+-------+-------+-------+----------------------

Skill      XL: |  1  2  3  4  5  6  7  8  9 10 11 12 13 |
---------------+----------------------------------------+-----
Dodging        | 3 4 5 6 7 8 8 |  8.3
Armour         | 1 2 3 4 6 7 9 10 9 |  9.8
Unarmed Combat | 4 5 6 7 9 10 12 13 13 | 13.2
Stealth        | 3 4 5 4 |  4.8
Fighting       | 4 5 6 8 9 10 9 |  9.8
Throwing       | 3 5 |  5.1

Action                   |  1- 3 |  4- 6 |  7- 9 | 10-12 | 13-15 || total
-------------------------+-------+-------+-------+-------+-------++-------
Melee: Unarmed           |    55 |   130 |   358 |   791 |   196 ||  1530
       Punch             |       |     2 |     5 |    47 |     4 ||    58
Throw: Dart              |    86 |   105 |   174 |   182 |     8 ||   555
       Boomerang         |       |       |       |    18 |    37 ||    55
Invok: Sacrifice Purity  |       |       |     1 |       |       ||     1
       Sacrifice Artific |       |       |     1 |       |       ||     1
       Reject Sacrifices |       |       |       |     1 |       ||     1
       Draw Out Power    |       |       |       |     2 |     2 ||     4
       Power Leap        |       |       |       |       |     1 ||     1
       Sacrifice Skill   |       |       |       |       |     1 ||     1
  Use: Scroll            |       |       |     8 |    18 |     3 ||    29
       Potion            |       |       |       |     4 |       ||     4
 Stab: Sleeping          |     2 |       |       |     2 |       ||     4
       Distracted        |       |       |       |     3 |     3 ||     6
       Invisible         |       |       |       |       |     3 ||     3
  Eat: Chunk             |     4 |     5 |    19 |    32 |    12 ||    72
       Ration            |       |       |       |     3 |     2 ||     5
Armor: Robe              |     8 |       |       |       |       ||     8
       Leather armour    |     2 |    19 |     2 |    20 |       ||    43
       Chain mail        |       |       |    52 |       |       ||    52
       Plate armour      |       |       |   146 |   365 |   101 ||   612
Dodge: Dodged            |    26 |    54 |    86 |   315 |    52 ||   533
       Repelled          |       |       |       |    15 |     2 ||    17

Vanquished Creatures
  Gastronok (Lair:3)
  A minotaur (Gauntlet)
  A fire dragon (Lair:4)
  3 hydras
  An anaconda (Lair:6)
  2 two-headed ogres
  Urug (Lair:5)
  Sonja (Lair:6)
  Pikel (D:4)
  An orange crystal statue (Gauntlet)
  2 lindwurms (Volcano)
  4 elephants (Lair:6)
  A toenail golem (Volcano)
  A black mamba (Lair:2)
  3 molten gargoyles (Volcano)
  3 torpor snails (Lair:1)
  5 spiny frogs
  2 efreet (Volcano)
  A rime drake (Lair:4)
  2 komodo dragons
  An ice devil (Gauntlet)
  A hornet (D:10)
  11 dream sheep (Lair:6)
  6 hippogriffs
  5 blink frogs
  3 redbacks (Lair:2)
  6 shadows (Gauntlet)
  3 fire elementals (Volcano)
  A spriggan (D:7)
  Eustachio (D:4)
  7 yaks
  2 basilisks
  Menkaure (D:7)
  A steam dragon (D:9)
  7 water moccasins
  Duvessa (D:5)
  6 porcupines
  2 slaves (D:4)
  3 phantoms
  5 sky beasts
  2 orc warriors (D:9)
  An eye of draining (D:3)
  8 ogres
  2 black bears
  12 wolves
  5 centaurs
  8 crocodiles
  2 big kobolds
  2 gnoll sergeants
  7 bullfrogs
  2 earth elementals (Volcano)
  4 scorpions
  3 killer bees
  Dowan (D:5)
  5 wights (D:9)
  3 howler monkeys
  A lava snake (D:10)
  4 crimson imps
  A jelly (D:9)
  5 orc priests
  3 hounds
  A centaur skeleton (D:6)
  A centaur zombie (D:8)
  12 orc wizards
  A bullfrog skeleton (D:5)
  4 iguanas
  5 worker ants
  A hound zombie (D:8)
  A howler monkey zombie (D:6)
  A worker ant zombie (D:9)
  10 adders
  9 gnolls
  A shadow imp (D:9)
  4 white imps (Gauntlet)
  An ooze (D:2)
  2 adder zombies (D:5)
  5 dart slugs
  3 leopard geckos
  26 orcs
  A ball python (D:1)
  5 bats
  6 giant cockroaches
  6 goblins
  8 hobgoblins
  6 jackals
  17 kobolds
  4 quokkas
  4 frilled lizards
  A leopard gecko zombie (D:8)
  A quokka skeleton (D:8)
  8 rats
  A fire vortex (Volcano)
  2 plants (Lair:6)
349 creatures vanquished.

Vanquished Creatures (others)
  A hippogriff (Lair:2)
  An ogre (D:7)
  An orc (D:4)
  A quokka (D:4)
  A butterfly (Lair:5)
  2 fire vortices (Volcano)
  10 fungi
  20 plants
  15 withered plants (Gauntlet)
52 creatures vanquished.

Grand Total: 401 creatures vanquished
